[Event "Titled Tuesday Blitz July 4 Late 2023"]
[White "Kazmin_Semyon"]
[Black "Barwinska, Ewa"]
[BlackFideId "21833761"]
[WhiteElo "2449"]
[BlackElo "2280"]
[Result "1-0"]
[Round "4"]
[TimeControl "180+2"]
[Date "2023.07.04"]
[WhiteClock "0:01:05"]
[BlackClock "0:00:04"]
[Board "136"]

1. e4 e5 2. Nf3 Nc6 3. c3 d5 4. exd5 Qxd5 5. Na3 Bxa3 6. bxa3 e4 7. Ng1 Nf6 8. Qb3 O-O 9. Bc4 Qg5 10. g3 Ne5 11. d4 Qf5 12. dxe5 Qxe5 13. Bf4 Qc5 14. Be3 Qe7 15. Qb4 Qe5 16. Qc5 Qxc3+ 17. Kf1 Qxa1+ 18. Kg2 Bg4 19. h3 Bf3+ 20. Nxf3 exf3+ 21. Kh2 Qb2 22. Bd4 Qb6 23. Qe5 Qd6 24. Qe3 Nd5 25. Qxf3 Nb6 26. Qg4 Qg6 27. Qxg6 hxg6 28. Bb3 Rfd8 29. Be3 Nd5 30. Bg5 f6 31. Bc1 Kh7 32. h4 Nc3 33. Bc2 f5 34. Kg2 Kg8 35. h5 gxh5 36. Rxh5 g6 37. Rh4 Nd5 38. Bb2 Rd7 39. Rh8+ Kf7 40. Rxa8 Nb6 41. Rh8 Rd2 42. Bb3+ Ke7 43. Bc3 Re2 44. Bb4+ Kd7 45. Rh7+ Kc6 46. Rg7 g5 47. Rg6+ Kb5 48. Rxg5 a5 49. Rxf5+ c5 50. Rxc5+ Ka6 51. Rxa5# 1-0


[Site "https://www.chess.com"]

[Event "Titled Tuesday Blitz July 4 Late 2023"]
[White "Miszler, Levente"]
[Black "Spichkin, Alexander"]
[WhiteFideId "763276"]
[BlackFideId "4144074"]
[WhiteElo "2449"]
[BlackElo "2278"]
[Result "1-0"]
[Round "4"]
[TimeControl "180+2"]
[Date "2023.07.04"]
[WhiteClock "0:00:41"]
[BlackClock "0:01:39"]
[Board "137"]

1. e4 e5 2. Nf3 d5 3. Nxe5 Bd6 4. d4 dxe4 5. Bf4 Nf6 6. Bc4 O-O 7. O-O Nbd7 8. Nd2 Nb6 9. Bb3 Nbd5 10. Bg3 Bg4 11. Qe1 Nb4 12. Nxe4 Nxe4 13. Qxe4 Bh5 14. a3 Bxe5 15. Qxe5 Nc6 16. Qxh5 Nxd4 17. Rad1 c5 18. c3 g6 19. Qh6 Ne2+ 20. Kh1 Qf6 21. Qe3 Nxg3+ 22. hxg3 Rfe8 23. Qxc5 b6 24. Qb5 Re5 25. Qd3 Qg7 26. Qd2 Rc8 27. Qd8+ Qf8 28. Qxf8+ Kxf8 29. Rd4 Rcc5 30. Rf4 f5 31. Rd1 Rb5 32. Rb4 Rbc5 33. Rd7 Re2 34. Rxa7 Rxb2 35. Rxb6 Rc8 36. Rf7+ Ke8 37. Rxh7 Kf8 38. Rh8+ Kg7 39. Rxc8 1-0


[Site "https://www.chess.com"]

[Event "Titled Tuesday Blitz July 4 Late 2023"]
[White "rionelG"]
[Black "Uzcategui Rodriguez, Alejandro"]
[BlackFideId "3903400"]
[WhiteElo "2271"]
[BlackElo "2447"]
[Result "0-1"]
[Round "4"]
[TimeControl "180+2"]
[Date "2023.07.04"]
[WhiteClock "0:00:00"]
[BlackClock "0:00:29"]
[Board "138"]

1. e4 e6 2. d3 d5 3. Nd2 Nc6 4. g3 Nf6 5. Bg2 dxe4 6. dxe4 e5 7. Ngf3 Bc5 8. O-O O-O 9. c3 a5 10. h3 b6 11. Re1 Qe7 12. Nh4 Rd8 13. Qf3 g6 14. Nb3 Nh5 15. Nxc5 bxc5 16. Be3 Nf4 17. Bxf4 exf4 18. e5 Bb7 19. Qxf4 g5 20. Qg4 h5 21. Nf5 hxg4 22. Nxe7+ Nxe7 23. Bxb7 Rab8 24. Bg2 gxh3 25. Bxh3 Rxb2 26. Rad1 Rdd2 27. Rxd2 Rxd2 28. e6 f5 29. Re5 Rd5 30. Re2 Kg7 31. Bg2 Rd3 32. c4 Kf6 33. Rb2 Ra3 34. Rb5 Kxe6 35. Rxc5 Kd6 36. Rb5 Rxa2 37. c5+ Kd7 38. c6+ Kd6 39. f4 g4 40. Bf1 Kxc6 41. Re5 Kd6 42. Bc4 Ra4 0-1


[Site "https://www.chess.com"]

[Event "Titled Tuesday Blitz July 4 Late 2023"]
[White "Mendez Machado, Andre"]
[Black "Ladan, Nicholas"]
[WhiteFideId "6603793"]
[BlackFideId "30918855"]
[WhiteElo "2252"]
[BlackElo "2445"]
[Result "0-1"]
[Round "4"]
[TimeControl "180+2"]
[Date "2023.07.04"]
[WhiteClock "0:00:00"]
[BlackClock "0:00:04"]
[Board "139"]

1. e4 b6 2. d4 Bb7 3. Bd3 f5 4. exf5 Bxg2 5. Qh5+ g6 6. fxg6 Bg7 7. gxh7+ Kf8 8. Nh3 Nf6 9. Qh4 Bxh1 10. Nf4 Nxh7 11. Bxh7 Be4 12. Ne6+ dxe6 13. Qxe4 Qd5 14. Qf4+ Bf6 15. Be4 Qa5+ 16. Bd2 Qa6 17. Bxa8 Rg8 18. Qh6+ Ke8 19. Qh5+ Kd7 20. Be3 Rg1+ 21. Kd2 Qf1 22. Bf3 Na6 23. Be2 Qc1+ 24. Kc3 Bxd4+ 25. Kxd4 Qxb2+ 26. Ke4 Qxa1 27. Bxa6 Qxb1 28. Bb5+ c6 29. Bd3 Qb4+ 30. Kf3 Qe1 31. Qh4 Qd1+ 32. Be2 Qd5+ 33. Qe4 Qh5+ 0-1


[Site "https://www.chess.com"]

[Event "Titled Tuesday Blitz July 4 Late 2023"]
[White "Clawitter, Craig"]
[Black "szachmistrz2500"]
[WhiteFideId "2023105"]
[WhiteElo "2249"]
[BlackElo "2438"]
[Result "0-1"]
[Round "4"]
[TimeControl "180+2"]
[Date "2023.07.04"]
[WhiteClock "0:00:06"]
[BlackClock "0:01:02"]
[Board "140"]

1. e4 c5 2. Nf3 d6 3. d4 cxd4 4. Nxd4 Nf6 5. Nc3 a6 6. Be3 e5 7. Nb3 Be7 8. f3 Be6 9. Qd2 Nbd7 10. g4 b5 11. O-O-O b4 12. Nd5 Bxd5 13. exd5 a5 14. g5 Nh5 15. Kb1 O-O 16. h4 Ng3 17. Rg1 Nxf1 18. Rdxf1 a4 19. Nc1 Qa5 20. Nd3 Qxd5 21. Nxb4 Qxd2 22. Bxd2 Nb6 23. Nc6 Rfe8 24. Bb4 Bf8 25. Rd1 d5 26. a3 Rac8 27. Bxf8 Kxf8 28. Nb4 d4 29. Rge1 Re6 30. f4 f6 31. Rxd4 Nc4 32. gxf6 gxf6 33. fxe5 fxe5 34. Ree4 Nd6 35. Re2 Rc4 36. Rxc4 Nxc4 37. Re4 Nd2+ 0-1


[Site "https://www.chess.com"]

[Event "Titled Tuesday Blitz July 4 Late 2023"]
[White "Hoffmann, Asa"]
[Black "Tsyhanchuk, Stanislav"]
[WhiteFideId "2001470"]
[BlackFideId "13505130"]
[WhiteElo "2436"]
[BlackElo "2245"]
[Result "1-0"]
[Round "4"]
[TimeControl "180+2"]
[Date "2023.07.04"]
[WhiteClock "0:00:39"]
[BlackClock "0:00:02"]
[Board "141"]

1. d4 Nf6 2. Bg5 Ne4 3. Bf4 c5 4. f3 Nf6 5. dxc5 Nc6 6. Nc3 e5 7. Be3 Be7 8. a3 O-O 9. b4 d5 10. cxd6 Bxd6 11. Nb5 Bb8 12. Qxd8 Rxd8 13. Rd1 Rxd1+ 14. Kxd1 a6 15. Nc3 Bf5 16. Bg5 Nd4 17. e4 Be6 18. Bd3 a5 19. b5 Bd6 20. a4 Bb4 21. Nge2 Nxe2 22. Nxe2 Nd7 23. Bd2 Bd6 24. Be3 Nc5 25. Bxc5 Bxc5 26. Kd2 b6 27. Rd1 g5 28. g3 Rd8 29. f4 exf4 30. gxf4 g4 31. f5 Bc4 32. Nf4 Bb4+ 33. Ke2 Bxd3+ 34. cxd3 Rc8 35. Nd5 Rc2+ 36. Kf1 Rxh2 37. Kg1 Rb2 38. Nf6+ Kg7 39. Nxg4 Bc5+ 40. d4 Bb4 41. Ne5 Ra2 42. Nd3 Rxa4 43. Nxb4 Rxb4 44. d5 Kf8 45. e5 Rxb5 46. e6 fxe6 47. fxe6 Rb4 48. Kf2 Re4 49. Kf3 Re5 50. Kf4 Rh5 51. d6 Ke8 52. Rc1 Rh4+ 53. Kg5 Rd4 54. Rc8# 1-0


[Site "https://www.chess.com"]

[Event "Titled Tuesday Blitz July 4 Late 2023"]
[White "Kovacevic, Radmila"]
[Black "Srdanovic, Jovana"]
[WhiteFideId "933171"]
[BlackFideId "954810"]
[WhiteElo "2235"]
[BlackElo "2432"]
[Result "1-0"]
[Round "4"]
[TimeControl "180+2"]
[Date "2023.07.04"]
[WhiteClock "0:00:41"]
[BlackClock "0:01:16"]
[Board "142"]

1. e4 c5 2. Nf3 e6 3. d4 cxd4 4. Nxd4 a6 5. a4 Nf6 6. Bd3 Nc6 7. Nxc6 bxc6 8. O-O d5 9. e5 Nd7 10. Re1 Be7 11. Qg4 g6 12. Bh6 Qc7 13. Qg3 Bf8 14. Bxf8 Kxf8 15. c4 a5 16. cxd5 cxd5 17. Nc3 Nc5 18. Nb5 Qe7 19. Rac1 Ba6 20. Bf1 Bxb5 21. Bxb5 Ne4 22. Qe3 h5 23. f3 Ng5 24. h4 Nh7 25. Qh6+ Kg8 26. g3 Nf8 27. Qf4 Kg7 28. Rc6 Qa7+ 29. Kg2 Nd7 30. Rec1 Qb8 31. Rc7 Ra7 32. Rxd7 Rxd7 33. Bxd7 Qxb2+ 34. Kh3 1-0


[Site "https://www.chess.com"]

[Event "Titled Tuesday Blitz July 4 Late 2023"]
[White "Gardezi, Arsal"]
[Black "Herman, Daniel"]
[WhiteFideId "30949521"]
[BlackFideId "30935008"]
[WhiteElo "2208"]
[BlackElo "2425"]
[Result "1-0"]
[Round "4"]
[TimeControl "180+2"]
[Date "2023.07.04"]
[WhiteClock "0:00:24"]
[BlackClock "0:00:01"]
[Board "143"]

1. e4 d6 2. d4 Nf6 3. Nc3 e5 4. Nf3 Nbd7 5. h3 Be7 6. Be3 O-O 7. Bc4 c6 8. O-O Nxe4 9. Nxe4 d5 10. Ned2 dxc4 11. dxe5 Nb6 12. Bxb6 Qxb6 13. Nxc4 Qa6 14. Nd6 Be6 15. Nd4 Rad8 16. Nxe6 fxe6 17. Qg4 Bxd6 18. Qxe6+ Kh8 19. exd6 Rfe8 20. Qf7 Rf8 21. Qe7 Rfe8 22. Qf7 Rf8 23. Qc7 Qb6 24. Qxb6 axb6 25. Rad1 Rf6 26. Rfe1 Kg8 27. Re7 Rfxd6 28. Rxd6 Rxd6 29. Rxb7 b5 30. Rc7 h5 31. Kf1 Kh7 32. Re7 Kg6 33. Ke2 Kf6 34. Re3 g5 35. Re4 h4 36. a4 bxa4 37. Rxa4 Rd5 38. Rc4 c5 39. b4 cxb4 40. Rxb4 Ra5 41. Rc4 Kf5 42. Rc8 Ra1 43. Rc5+ Kf4 44. Rc4+ Kf5 45. Kf3 Re1 46. Rc5+ Kg6 47. c4 Rd1 48. g3 hxg3 49. fxg3 Rd3+ 50. Kg2 Rd2+ 51. Kg1 Rd3 52. Kf2 Rd2+ 53. Ke3 Rh2 54. Rc6+ Kf5 55. Rh6 Rg2 56. g4+ Ke5 57. Rh5 Kf6 58. Rh6+ Kg7 59. Rh5 Kg6 60. Kd4 Rd2+ 61. Kc5 Kf6 62. Rh6+ Ke5 63. Rg6 Kf4 64. Rf6+ Kg3 65. Rh6 Rh2 66. Kb6 Rxh3 67. Rxh3+ Kxh3 68. c5 Kxg4 69. c6 Kf3 70. c7 g4 71. c8=Q g3 72. Qc6+ Kf2 73. Qc5+ Kf1 74. Qc4+ Kf2 75. Qd4+ Kf1 76. Qd3+ Kf2 77. Qf5+ Kg1 78. Kc5 g2 79. Kd4 Kh2 80. Qe5+ Kh1 81. Qh5+ Kg1 82. Ke3 Kf1 83. Qe2+ Kg1 84. Kf3 Kh1 85. Qxg2# 1-0


[Site "https://www.chess.com"]

[Event "Titled Tuesday Blitz July 4 Late 2023"]
[White "Ai, Evan"]
[Black "rikchessmx"]
[WhiteFideId "2094770"]
[WhiteElo "2424"]
[BlackElo "2229"]
[Result "1/2-1/2"]
[Round "4"]
[TimeControl "180+2"]
[Date "2023.07.04"]
[WhiteClock "0:00:12"]
[BlackClock "0:00:11"]
[Board "144"]

1. d4 d5 2. c4 e6 3. Nf3 Nf6 4. g3 c6 5. Bg2 dxc4 6. Qc2 b5 7. O-O Bb7 8. Rd1 Nbd7 9. e4 Qb6 10. Nc3 c5 11. d5 exd5 12. exd5 Bd6 13. Re1+ Kf8 14. Ng5 h6 15. Nge4 Re8 16. Bd2 Be5 17. Nxf6 Nxf6 18. Be3 Bd6 19. Rad1 g6 20. a4 a6 21. axb5 axb5 22. Qd2 Ng4 23. Bf4 Kg7 24. Bxd6 Qxd6 25. Nxb5 Qf6 26. Qc3 Ne5 27. f4 Nd3 28. Rxe8 Rxe8 29. Qxf6+ Kxf6 30. Nd6 Rb8 31. Nxc4 Nb4 32. d6 Bxg2 33. Kxg2 Nc6 34. d7 Nd4 35. Re1 Rd8 36. Nb6 Ne6 37. Nd5+ Kg7 38. Nb6 Rb8 39. Nc8 Rxb2+ 40. Kf3 Rd2 41. Nb6 Rd6 42. Rb1 Kf6 43. Ke4 Ke7 44. Nc8+ Kxd7 45. Nxd6 Kxd6 46. Rd1+ Nd4 47. Kd3 f5 48. Kc4 Kc6 49. Re1 Kd6 50. Re5 Nf3 51. Rd5+ Ke6 52. Kxc5 Nxh2 53. Rd6+ Kf7 54. Rd7+ Kf6 55. Rd6+ Ke7 56. Kd5 Kf7 57. Rd7+ Kf6 58. Rd8 Nf1 59. Rf8+ Kg7 60. Re8 Nxg3 61. Ke5 Nh5 62. Re7+ Kg8 63. Ke6 Nxf4+ 64. Ke5 Nh5 65. Rc7 f4 66. Ke4 g5 67. Kf3 Nf6 68. Rb7 Nd5 69. Ke4 Ne3 70. Kf3 h5 71. Ke4 h4 72. Rb5 g4 73. Kxf4 Ng2+ 74. Kxg4 Kf7 75. Kh3 Ne3 76. Kxh4 Ke6 77. Kg3 Nf5+ 78. Kf4 Nd4 79. Re5+ Kd6 80. Ke4 Nc6 81. Rd5+ Ke6 82. Rh5 Kd6 83. Rh6+ Kc7 84. Kd5 Ne7+ 85. Kc5 Nf5 86. Rf6 Ne7 87. Rf7 Kd7 88. Rf6 Nc8 89. Rh6 Ne7 90. Rf6 Ng8 91. Rg6 Ne7 92. Rb6 Nf5 93. Kd5 Ne7+ 94. Ke5 Nc6+ 95. Kd5 Ne7+ 96. Kc5 Nf5 97. Ra6 Ne7 98. Kd4 Nc6+ 99. Kd5 Ne7+ 100. Ke5 Nc6+ 101. Ke4 Kd6 102. Rb6 Kc5 103. Rb2 Kd6 104. Rc2 Ne7 105. Rh2 Ke6 106. Rh6+ Kf7 107. Ke5 Ng6+ 108. Kf5 Ne7+ 109. Kg5 Nd5 110. Rd6 Ne7 111. Rb6 Nd5 112. Rc6 Ne7 113. Rd6 Ng8 114. Rd7+ Ke6 115. Rg7 Ne7 116. Kf4 Nd5+ 117. Ke4 Nf6+ 118. Kd4 Nh5 119. Rg5 Nf6 120. Re5+ Kf7 121. Rf5 Ke6 122. Rf3 Nd7 123. Rh3 Kf5 124. Rh7 Nf6 125. Rf7 Ke6 126. Rf8 1/2-1/2


[Site "https://www.chess.com"]

[Event "Titled Tuesday Blitz July 4 Late 2023"]
[White "Cooper, Aaron"]
[Black "FromTexas54"]
[WhiteFideId "2634945"]
[WhiteElo "2202"]
[BlackElo "2423"]
[Result "1-0"]
[Round "4"]
[TimeControl "180+2"]
[Date "2023.07.04"]
[WhiteClock "0:00:23"]
[BlackClock "0:00:00"]
[Board "145"]

1. e4 g6 2. d4 Bg7 3. Nc3 d6 4. Nf3 a6 5. a4 b6 6. Be2 Bb7 7. O-O h6 8. Re1 e6 9. Bf1 Ne7 10. Be3 O-O 11. Qd2 Kh7 12. h3 Nd7 13. Bd3 c5 14. d5 e5 15. Nh2 Ng8 16. f4 exf4 17. Bxf4 Ne5 18. Rf1 Bc8 19. Nf3 Qe7 20. Rae1 Bd7 21. b3 Nf6 22. Nxe5 dxe5 23. Bg3 Ne8 24. d6 Qxd6 25. Nd5 Be6 26. c4 Bxd5 27. cxd5 Qe7 28. Qe2 Qb7 29. Rf2 Nd6 30. Ref1 b5 31. axb5 axb5 32. Kh2 Rac8 33. Rf6 Qe7 34. Rxd6 Qxd6 35. Bxb5 Ra8 36. Bc6 Ra3 37. Qb2 Ra6 38. Rc1 Rb6 39. Qc3 Qb8 40. Qxc5 Rxb3 41. d6 Rd3 42. Bd5 Rd8 43. Qc7 Rxd5 44. Qxb8 1-0


[Site "https://www.chess.com"]

[Event "Titled Tuesday Blitz July 4 Late 2023"]
[White "Kielinkei"]
[Black "Torres Dominguez, David"]
[BlackFideId "2220857"]
[WhiteElo "2422"]
[BlackElo "2157"]
[Result "1-0"]
[Round "4"]
[TimeControl "180+2"]
[Date "2023.07.04"]
[WhiteClock "0:02:21"]
[BlackClock "0:00:00"]
[Board "146"]

1. e4 Nc6 2. d4 e5 3. dxe5 Nxe5 4. Nf3 Nxf3+ 5. Qxf3 Qf6 6. Qd1 d6 7. Nc3 c6 8. Bc4 Ne7 9. O-O Be6 10. Bb3 Bxb3 11. axb3 O-O-O 12. Rxa7 Ng6 13. Be3 d5 14. Ra8+ Kc7 15. Rxd8 Qxd8 16. exd5 Bd6 17. dxc6 bxc6 18. Qd4 1-0


[Site "https://www.chess.com"]

[Event "Titled Tuesday Blitz July 4 Late 2023"]
[White "Romero Ruscalleda, Josep"]
[Black "Osmonbekov, Talaibek"]
[WhiteFideId "2231859"]
[BlackFideId "2017253"]
[WhiteElo "2417"]
[BlackElo "2147"]
[Result "1-0"]
[Round "4"]
[TimeControl "180+2"]
[Date "2023.07.04"]
[WhiteClock "0:00:15"]
[BlackClock "0:00:00"]
[Board "147"]

1. e4 c5 2. c3 d5 3. exd5 Qxd5 4. Nf3 Nf6 5. Na3 e6 6. Bc4 Qd8 7. O-O Be7 8. d4 cxd4 9. Nxd4 O-O 10. Nac2 e5 11. Nf3 Nc6 12. h3 Bf5 13. Qe2 Qc7 14. Ne3 Bg6 15. Nh4 Rfe8 16. Rd1 Bf8 17. Nxg6 hxg6 18. Qf3 Rad8 19. Bd2 e4 20. Qe2 a6 21. Nf1 Ne5 22. Bb3 Nd3 23. Be3 b5 24. Ng3 Nf4 25. Qc2 Bc5 26. Rxd8 Rxd8 27. Bxc5 Qxc5 28. Nxe4 Nxe4 29. Qxe4 Qg5 30. Kh2 Rd2 31. Rf1 Rxb2 32. g3 Nh5 33. Qe8+ Kh7 34. Qxf7 Qxg3+ 35. Kh1 Qxh3+ 36. Kg1 Qg4+ 37. Kh1 Nf4 38. Qg8+ Kh6 39. Qh8+ Kg5 40. Rg1 Rxf2 41. Rxg4+ Kxg4 42. Kg1 Rg2+ 43. Kf1 1-0


[Site "https://www.chess.com"]

[Event "Titled Tuesday Blitz July 4 Late 2023"]
[White "campochess"]
[Black "Castella Garcia, Fausto"]
[BlackFideId "3501922"]
[WhiteElo "2136"]
[BlackElo "2416"]
[Result "0-1"]
[Round "4"]
[TimeControl "180+2"]
[Date "2023.07.04"]
[WhiteClock "0:01:49"]
[BlackClock "0:01:32"]
[Board "148"]

1. Nf3 c5 2. e4 d6 3. c3 Nf6 4. Be2 g6 5. O-O Bg7 6. Re1 O-O 7. Bf1 Nc6 8. d4 cxd4 9. cxd4 d5 10. e5 Ne4 11. h3 Bf5 12. Nc3 Nxc3 13. bxc3 Rc8 14. Bd3 Bxd3 15. Qxd3 e6 16. a4 Na5 17. Ba3 Re8 18. Nd2 Nc4 19. Nxc4 Rxc4 20. Bd6 Qa5 21. Ra3 Rec8 22. Rb1 b6 23. Bb4 Qa6 24. Qd1 Qb7 25. a5 Bf8 26. axb6 Bxb4 27. Rxb4 Rxb4 28. bxa7 Rb1 29. Kh2 Rxd1 0-1


[Site "https://www.chess.com"]

[Event "Titled Tuesday Blitz July 4 Late 2023"]
[White "Sailer, Mike"]
[Black "Janturin, Artur"]
[WhiteFideId "2012901"]
[BlackFideId "4130022"]
[WhiteElo "2134"]
[BlackElo "2410"]
[Result "0-1"]
[Round "4"]
[TimeControl "180+2"]
[Date "2023.07.04"]
[WhiteClock "0:00:00"]
[BlackClock "0:00:35"]
[Board "149"]

1. d4 e6 2. Nc3 d5 3. Bf4 Nf6 4. Nb5 Na6 5. e3 Be7 6. Nf3 O-O 7. Be2 c6 8. Nc3 Nh5 9. Be5 f6 10. Bg3 g6 11. Nd2 Nxg3 12. hxg3 Nc7 13. e4 b5 14. a3 a5 15. e5 b4 16. axb4 axb4 17. Rxa8 Nxa8 18. Ncb1 fxe5 19. dxe5 c5 20. Bg4 Nb6 21. Qe2 Qc7 22. Nb3 Nc4 23. c3 Nxe5 24. N1d2 bxc3 25. bxc3 c4 26. Nd4 Nd3+ 27. Kf1 Qxg3 28. Bxe6+ Kg7 0-1


[Site "https://www.chess.com"]

[Event "Titled Tuesday Blitz July 4 Late 2023"]
[White "Curtis, John"]
[Black "Prydun, Andriy"]
[WhiteFideId "3200256"]
[BlackFideId "14145898"]
[WhiteElo "2112"]
[BlackElo "2409"]
[Result "1-0"]
[Round "4"]
[TimeControl "180+2"]
[Date "2023.07.04"]
[WhiteClock "0:00:42"]
[BlackClock "0:00:01"]
[Board "150"]

1. c4 Nf6 2. Nc3 c5 3. Nf3 g6 4. g3 Bg7 5. Bg2 Ng4 6. h3 Ne5 7. Nxe5 Bxe5 8. O-O Nc6 9. d3 h5 10. h4 d6 11. Bg5 Be6 12. Qd2 Rb8 13. a3 Nd4 14. Rab1 b5 15. cxb5 Nxb5 16. Nxb5 Rxb5 17. b4 cxb4 18. Bc6+ Bd7 19. Bxb5 Bxb5 20. Qxb4 Bc6 21. Qb8 O-O 22. Qxd8 Rxd8 23. Bxe7 Rd7 24. Bg5 f6 25. Be3 d5 26. Rfc1 d4 27. Bxd4 Bxd4 28. Rxc6 Kf7 29. e3 Bb6 30. Rbxb6 axb6 31. d4 Ra7 32. Rxb6 Rxa3 33. Kg2 Ra5 34. Rb2 g5 35. hxg5 Rxg5 36. Kh3 Ke7 37. f4 Ra5 38. Kg2 Ke6 39. Rb6+ Kf7 40. Kf3 Ra3 41. Ke4 Kg7 42. d5 Kf7 43. Rb7+ Kg6 44. d6 Ra1 45. Rb4 Kf7 46. f5 Ke8 47. Kd5 Re1 48. e4 Kf7 49. Rb7+ Kg8 50. Ke6 Rd1 51. d7 h4 52. gxh4 1-0


[Site "https://www.chess.com"]

[Event "Titled Tuesday Blitz July 4 Late 2023"]
[White "Tsukerman, Julia"]
[Black "Szyszylo, Rafal"]
[WhiteFideId "2621649"]
[BlackFideId "1109626"]
[WhiteElo "2099"]
[BlackElo "2405"]
[Result "0-1"]
[Round "4"]
[TimeControl "180+2"]
[Date "2023.07.04"]
[WhiteClock "0:00:08"]
[BlackClock "0:00:25"]
[Board "151"]

1. e4 d6 2. d4 g6 3. Nc3 Nf6 4. Be3 c6 5. f3 Nbd7 6. Qd2 b5 7. O-O-O Nb6 8. g4 b4 9. Nb1 a5 10. h4 h5 11. g5 Nfd7 12. f4 Bg7 13. f5 Qc7 14. Bd3 c5 15. fxg6 fxg6 16. e5 O-O 17. Bxg6 dxe5 18. dxc5 Na4 19. Bxh5 Ndxc5 20. Ne2 Be6 21. b3 Bxb3 22. Bxc5 Nxc5 23. Kb2 Be6 24. Qe1 e4+ 25. Nd4 Rad8 26. Qe3 Qe5 27. Kc1 Rxd4 28. Rhe1 Rxd1+ 29. Rxd1 Qb2+ 30. Kd2 Rd8+ 31. Ke2 Rxd1 32. Kxd1 Qxb1+ 33. Ke2 Qxc2+ 34. Kf1 Qd3+ 0-1


[Site "https://www.chess.com"]

[Event "Titled Tuesday Blitz July 4 Late 2023"]
[White "Melikhov, Evgeny V."]
[Black "Graham, Nathaniel"]
[WhiteFideId "4122046"]
[BlackFideId "2007983"]
[WhiteElo "2405"]
[BlackElo "2068"]
[Result "1-0"]
[Round "4"]
[TimeControl "180+2"]
[Date "2023.07.04"]
[WhiteClock "0:00:54"]
[BlackClock "0:00:00"]
[Board "152"]

1. d4 d5 2. c4 c6 3. Nc3 dxc4 4. e4 b5 5. a4 b4 6. Na2 Nf6 7. e5 Nd5 8. Bxc4 e6 9. Nf3 Be7 10. O-O Nd7 11. Bd2 a5 12. Qe2 Bb7 13. Nc1 O-O 14. Nb3 c5 15. Rfc1 Qb6 16. Bg5 Bxg5 17. Nxg5 cxd4 18. Qe4 g6 19. Nxd4 Kg7 20. Qh4 h6 21. Ngf3 Rac8 22. Bb5 Qd8 23. Rxc8 Qxc8 24. Bxd7 Qxd7 25. Nb5 Nb6 26. Qf6+ Kg8 27. Nd6 Bxf3 28. Qxf3 Nd5 29. b3 Nc3 30. h4 h5 31. g4 hxg4 32. Qxg4 1-0


[Site "https://www.chess.com"]

[Event "Titled Tuesday Blitz July 4 Late 2023"]
[White "Gyulamiryan-koryun"]
[Black "Carrasco Miranda, Andres"]
[BlackFideId "3405990"]
[WhiteElo "1722"]
[BlackElo "2404"]
[Result "0-1"]
[Round "4"]
[TimeControl "180+2"]
[Date "2023.07.04"]
[WhiteClock "0:00:20"]
[BlackClock "0:00:37"]
[Board "153"]

1. e4 e5 2. Nf3 Nc6 3. Bc4 Bc5 4. O-O Nf6 5. c3 Nxe4 6. d4 d5 7. Bb5 exd4 8. cxd4 Bd6 9. Ne5 O-O 10. Nxc6 bxc6 11. Bxc6 Rb8 12. Nc3 Nxc3 13. bxc3 Be6 14. f4 Qh4 15. a4 a6 16. Qd3 Rb6 17. g3 Qh3 18. f5 Rxc6 19. fxe6 Qxe6 20. Ba3 Bxa3 21. Rxa3 Qh3 22. Ra2 Re8 23. Raf2 f6 24. Qf3 Rd6 25. a5 Re4 26. Qf5 Qxf5 27. Rxf5 Re3 28. R5f3 Rxf3 29. Rxf3 Re6 30. Kf2 Kf7 31. g4 Re4 32. h3 Ke6 33. Kg3 g6 34. h4 h5 35. gxh5 gxh5 36. Rd3 f5 37. Rf3 Rg4+ 38. Kh3 f4 39. Rd3 Kf5 40. c4 dxc4 41. Rc3 Rg3+ 42. Rxg3 fxg3 43. Kxg3 c3 44. Kf3 c2 45. Ke3 c1=Q+ 0-1


[Site "https://www.chess.com"]

[Event "Titled Tuesday Blitz July 4 Late 2023"]
[White "Pasti, Aron"]
[Black "Bochnicka, Vladimir"]
[WhiteFideId "785857"]
[BlackFideId "14943450"]
[WhiteElo "2546"]
[BlackElo "2394"]
[Result "1-0"]
[Round "4"]
[TimeControl "180+2"]
[Date "2023.07.04"]
[WhiteClock "0:00:13"]
[BlackClock "0:00:35"]
[Board "154"]

1. e4 e5 2. Nf3 Nc6 3. d4 exd4 4. Bc4 Nf6 5. e5 d5 6. Bb5 Ne4 7. Nxd4 Bd7 8. Bxc6 bxc6 9. O-O Be7 10. Re1 O-O 11. Be3 Rb8 12. b3 c5 13. Nf3 Bc6 14. Bc1 d4 15. Bb2 Bh4 16. Nxh4 Qxh4 17. Qf3 Rb6 18. g3 Qh3 19. Rxe4 f5 20. exf6 Rxf6 21. Qg4 Qxg4 22. Rxg4 Bf3 23. Rf4 Rxf4 24. gxf4 Rg6+ 25. Kf1 Rh6 26. Nd2 Bd5 27. Ke2 Rxh2 28. Rg1 h5 29. Nf3 Rh3 30. Ne5 Rh4 31. Ng6 Rh1 32. Rxh1 Bxh1 33. Ne5 Be4 34. Nd7 Bxc2 35. Nxc5 h4 36. Bxd4 h3 37. Kf3 Kf7 38. Kg3 Bf5 39. Na6 c6 40. Nb8 Ke6 41. Nxc6 Kd6 42. Nxa7 g6 43. Nb5+ Kc6 44. Nc3 Kd6 45. a4 Bc2 46. b4 Bf5 47. a5 Kc7 48. b5 Kb7 49. a6+ Ka8 50. b6 Be4 51. Nb5 h2 52. Kxh2 g5 53. Nc7+ Kb8 54. a7+ Kc8 55. fxg5 Ba8 56. Nb5 Kb7 57. Nd6+ Ka6 58. b7 Bxb7 59. Nxb7 Kxb7 60. g6 Ka8 61. g7 Kb7 62. g8=Q Kc6 63. a8=Q+ Kb5 64. Qb7+ Ka4 65. Qga8# 1-0


[Site "https://www.chess.com"]

[Event "Titled Tuesday Blitz July 4 Late 2023"]
[White "a-z30"]
[Black "Vargas, Mauricio"]
[BlackFideId "4404572"]
[WhiteElo "2487"]
[BlackElo "1881"]
[Result "1-0"]
[Round "4"]
[TimeControl "180+2"]
[Date "2023.07.04"]
[WhiteClock "0:01:01"]
[BlackClock "0:00:00"]
[Board "155"]

1. d4 d5 2. c4 c6 3. Nf3 e6 4. e3 Nf6 5. b3 Nbd7 6. Nbd2 Bb4 7. Bd3 O-O 8. O-O Re8 9. Bb2 Nf8 10. e4 dxe4 11. Nxe4 Nxe4 12. Bxe4 f5 13. Bc2 Bd6 14. Re1 Qf6 15. Qe2 Bc7 16. Rad1 g5 17. b4 g4 18. Ne5 Ng6 19. Bb3 Nf4 20. Qd2 Nh3+ 21. gxh3 gxh3 22. Kh1 Kh8 23. d5 cxd5 24. cxd5 Kg8 25. Rg1+ Kf8 26. d6 Rd8 27. Nd7+ Kf7 28. Bxf6 Bxd7 29. Rg7+ Kxf6 30. Qg5+ Ke5 31. dxc7 Bc6+ 32. Kg1 Rxd1+ 33. Bxd1 Rc8 34. Qd8 Rxc7 35. Qxc7+ Kd4 36. Qd6+ Bd5 37. Bb3 Kc3 38. Rg3+ 1-0


[Site "https://www.chess.com"]

[Event "Titled Tuesday Blitz July 4 Late 2023"]
[White "Reprintsev, Alexander"]
[Black "Santos, Rafael Ventura Dos"]
[WhiteFideId "14100541"]
[BlackFideId "2122227"]
[WhiteElo "2480"]
[BlackElo "2274"]
[Result "1-0"]
[Round "4"]
[TimeControl "180+2"]
[Date "2023.07.04"]
[WhiteClock "0:00:09"]
[BlackClock "0:00:32"]
[Board "156"]

1. e4 c5 2. b3 Nf6 3. e5 Nd5 4. Nc3 Nxc3 5. dxc3 g6 6. Qd5 e6 7. Qd2 Bg7 8. f4 O-O 9. Bb2 Nc6 10. O-O-O f6 11. exf6 Qxf6 12. g3 d5 13. Nf3 a5 14. Bb5 a4 15. Bxa4 Rxa4 16. bxa4 Na5 17. Ne5 Rd8 18. c4 Nc6 19. Nd3 d4 20. Ne5 Nxe5 21. fxe5 Qxe5 22. Rde1 Qh5 23. Qe2 Qxe2 24. Rxe2 b6 25. Rhe1 e5 26. c3 Ba6 27. cxd4 cxd4 28. Rxe5 d3 29. Rd5 Bh6+ 30. Kd1 Rxd5 31. cxd5 Bc4 32. Bc1 Bf8 33. Re8 Kf7 34. Rb8 Bc5 35. d6 Ke6 36. Bf4 g5 37. Re8+ Kd7 38. Re7+ Kc8 39. Rc7+ Kd8 40. Bxg5+ Ke8 41. d7+ Kf7 42. d8=Q+ Kg6 43. Qf6+ Kh5 44. Rxh7+ Kg4 45. Rh4# 1-0


[Site "https://www.chess.com"]